 Dungeon Crawl Stone Soup version 0.17-a0-1176-g3d5a0d0 (webtiles) character file.

667 inmateoo the Conjurer (level 7, -7/51 HPs)
             Began as a Demonspawn Wizard on May 30, 2015.
             Was a Follower of Ashenzari.
             Mangled by an orc warrior
             ... wielding a +0 halberd
              (24 damage)
             ... on level 4 of the Dungeon.
             The game lasted 00:06:16 (4197 turns).

inmateoo the Conjurer (Demonspawn Wizard)           Turns: 4197, Time: 00:06:17

Health: -7/51      AC:  3    Str:  7    XL:     7   Next: 31%
Magic:  12/12      EV: 16    Int: 21    God:    Ashenzari [*.....]
Gold:   169        SH:  0    Dex: 12    Spells: 4 memorised, 6 levels left

rFire  . . .     SeeInvis +     i - +5 dagger (venom)
rCold  . . .     Clarity  .     a - +0 robe
rNeg   + . .     SustAt   .     (no shield)
rPois  +         Gourm    .     b - +0 hat
rElec  .         Spirit   .     B - +0 cloak
rCorr  .         Warding  +     (no gloves)
rMut   .         Stasis   .     (no boots)
MR     .....                    r - amulet of warding
Stlth  ++........               l - ring of poison resistance
                                j - ring of see invisible

@: not resistant to hostile enchantments, unstealthy
A: talons 1, repulsion field 2, powered by death 1
a: Renounce Religion


You were on level 4 of the Dungeon.
You worshipped Ashenzari.
Ashenzari was aware of your devotion.
You were very hungry.

You visited 1 branch of the dungeon, and saw 4 of its levels.

You collected 169 gold pieces.

Inventory:

Hand weapons
 i - a +5 dagger of venom (weapon)
 o - a +0 blowgun
Missiles
 p - 40 poisoned needles
Armour
 a - a +0 robe (worn)
 b - a +0 hat (worn)
 B - a +0 cloak (worn)
Magical staves
 k - an uncursed staff of air
Jewellery
 j - a ring of see invisible (left hand)
 l - a ring of poison resistance (right hand)
 r - an amulet of warding (around neck)
 w - an uncursed ring of wizardry
Magical devices
 y - a wand of invisibility (5)
Scrolls
 h - a scroll of amnesia
 t - a scroll of teleportation
 z - a scroll of enchant weapon
 A - a scroll of random uselessness {unknown}
Potions
 e - 2 potions of haste {unknown}
 f - 3 potions of might {unknown}
 g - a potion of curing
 n - a potion of magic {unknown}
 q - 2 potions of poison {unknown}
 s - a potion of agility {unknown}
 v - 3 potions of heal wounds {unknown}
Books
 c - a book of Minor Magic

   Spells                             Type                      Level
   a - Magic Dart                     Conjuration                  1
   b - Blink                          Translocation                2
   c - Call Imp                       Summoning                    2
   d - Repel Missiles                 Charms/Air                   2
   e - Slow                           Hexes                        2
   f - Conjure Flame                  Conjuration/Fire             3
   g - Mephitic Cloud                 Conjuration/Poison/Air       3
Comestibles
 d - 4 bread rations
 m - 2 meat rations
 u - a slice of pizza
 x - a beef jerky


   Skills:
 + Level 2.3 Fighting
 * Level 3.1 Short Blades
 + Level 3.1 Dodging
 + Level 3.1 Stealth
 + Level 3.9 Spellcasting
 * Level 4.3 Conjurations
 - Level 1.0 Summonings
 - Level 0.8 Translocations


You had 6 spell levels left.
You knew the following spells:

 Your Spells              Type           Power        Failure   Level  Hunger
a - Magic Dart            Conj           ###.         1%          1    None
b - Blink                 Tloc           N/A          14%         2    #......
c - Call Imp              Summ           #.......     12%         2    #......
d - Repel Missiles        Chrm/Air       #.....       21%         2    #......


Dungeon Overview and Level Annotations

Branches:
Dungeon (4/15)             Temple (0/1) D:4

Altars:
Ashenzari
Elyvilon
Sif Muna


Innate Abilities, Weirdness & Mutations

You have sharp toenails.
You are surrounded by a moderate repulsion field (EV +3).
You can steal the life force of nearby defeated enemies.


Message History

The orc priest utters an invocation to Beogh.
You feel troubled.
You hit the orc priest.
The orc priest looks even sicker.
The orc priest is heavily wounded.
The orc priest misses you. The orc warrior barely misses you.
You closely miss the orc priest.
You claw the orc priest, but do no damage.
The orc priest is almost dead.
You kill the orc priest!
You closely miss the orc.
The orc warrior hits you from afar with a halberd!!
Ouch! That really hurt!
You barely miss the orc. You claw the orc, but do no damage.
The orc barely misses you.
The orc warrior hits you from afar with a halberd!
* * * LOW HITPOINT WARNING * * *
Unknown command.
You are too injured to fight recklessly!
The orc warrior hits you from afar with a halberd!!
You die...

..................#
#################.# # #.# # ####
### #.# ####### # ..... ..# #.#
######...... ##.##...o##.##
##'####....(...... ##.#.....)...#
#....##........... ##.#..>..##o.#
#....##..†........ ##.#...)
#..###@...##........... ##.#...
##..#.'o...###.......... ##.#..
#...#o#....# #.##.#'#### ##.#.
#...o......# #.##.#.#### ##.#
#######....# #.##.#..... ...#
#.>.##....# #.##.#.....
.##########≈≈≈#########.##.##....
........†##...##............+....
....#######...#########.##.##....


You could see an orc warrior and 2 orcs.

Vanquished Creatures
  Grinder (D:3)
  Eustachio (D:4)
  A giant frog skeleton (D:4)
  An orc priest (D:4)
  2 orc wizards (D:4)
  Jessica (D:2)
  Natasha (thrice) (D:4)
  2 worker ants (D:4)
  3 adders
  A river rat (D:4)
  An ooze (D:3)
  3 worms (D:2)
  2 giant geckos
  2 orcs
  A bat skeleton (D:4)
  A giant cockroach (D:2)
  11 goblins
  10 hobgoblins
  8 jackals
  13 kobolds
  6 bats
  3 giant newts
  3 rats
80 creatures vanquished.

Notes
Turn   | Place    | Note
--------------------------------------------------------------
     0 | D:1      | inmateoo the Demonspawn Wizard began the quest for the Orb.
     0 | D:1      | Reached XP level 1. HP: 13/13 MP: 4/4
   484 | D:1      | Gained mutation: You can steal the life force of nearby defeated enemies. [demonic ancestry]
   484 | D:1      | Reached XP level 2. HP: 19/19 MP: 1/6
   655 | D:1      | Learned a level 2 spell: Blink
   658 | D:1      | Learned a level 2 spell: Call Imp
   661 | D:1      | Learned a level 2 spell: Repel Missiles
  1449 | D:1      | Reached XP level 3. HP: 12/24 MP: 7/7
  1671 | D:2      | Noticed Jessica
  1679 | D:2      | Killed Jessica
  2073 | D:2      | Found a shattered altar of Ashenzari.
  2129 | D:2      | Reached skill level 1 in Short Blades
  2132 | D:2      | Became a worshipper of Ashenzari the Shackled
  2176 | D:2      | Gained mutation: You are surrounded by a mild repulsion field (EV +2). [demonic ancestry]
  2176 | D:2      | Reached XP level 4. HP: 31/31 MP: 8/8
  2552 | D:3      | Found a white marble altar of Elyvilon.
  2746 | D:3      | Noticed Grinder
  2773 | D:3      | Paralysed by Grinder for 5 turns
  3165 | D:3      | Paralysed by Grinder for 2 turns
  3168 | D:3      | Killed Grinder
  3168 | D:3      | Reached skill level 1 in Fighting
  3168 | D:3      | Reached XP level 5. HP: 25/37 MP: 10/10
  3168 | D:3      | Gained mutation: You are surrounded by a moderate repulsion field (EV +3). [demonic ancestry]
  3168 | D:3      | Reached XP level 6. HP: 29/43 MP: 11/11
  3329 | D:4      | Noticed Natasha
  3334 | D:4      | Killed Natasha
  3430 | D:4      | Noticed Eustachio
  3449 | D:4      | Killed Eustachio
  3449 | D:4      | Reached skill level 4 in Conjurations
  3578 | D:4      | Noticed Natasha
  3583 | D:4      | Killed Natasha
  3583 | D:4      | Gained mutation: You have sharp toenails. [demonic ancestry]
  3583 | D:4      | Reached XP level 7. HP: 44/50 MP: 12/12
  3639 | D:4      | Found a deep blue altar of Sif Muna.
  3753 | D:4      | Noticed Natasha
  3763 | D:4      | Killed Natasha
  3875 | D:4      | Found a staircase to the Ecumenical Temple.
  4197 | D:4      | Mangled by an orc warrior

Vault maps used:
D:1:      minmay_arrival_arboretum_small, minivault_14, hangedman_decor_push
D:2:      evilmike_ruin_ashenzari, uniq_jessica
D:3:      elyvilon_altar_5, uniq_grinder
D:4:      led_sif_book, minmay_temple_entry_nine_rooms, uniq_natasha,
          uniq_eustachio

Action                   |  1- 3 |  4- 6 |  7- 9 || total
-------------------------+-------+-------+-------++-------
Melee: Unarmed           |    27 |       |       ||    27
       Dagger            |    39 |    94 |    34 ||   167
 Cast: Magic Dart        |    57 |       |    12 ||    69
       Repel Missiles    |     1 |     1 |       ||     2
  Use: Scroll            |     7 |     1 |       ||     8
 Stab: Sleeping          |       |     3 |     4 ||     7
  Eat: Chunk             |     4 |     4 |     1 ||     9
